 Dungeon Crawl Stone Soup version 0.31-a0-256-g80acddb972 (webtiles) character file.

Game seed: 12798473072921161346

35 Locuples the Chopper (level 3, -9/30 HPs)
             Began as a Minotaur Gladiator on July 13, 2023.
             Mangled by Sigmund
             ... wielding a +0 scythe
              (11 damage)
             ... on level 2 of the Dungeon.
             The game lasted 00:01:25 (984 turns).

Locuples the Chopper (Minotaur Gladiator)            Turns: 984, Time: 00:01:25

Health: -9/30      AC:  3    Str: 20    XL:     3   Next: 16%
Magic:  2/2        EV: 12    Int:  5    God:
Gold:   50         SH:  0    Dex: 11    Spells: 2/2 levels left

rFire   . . .        a - +0 war axe
rCold   . . .        (no shield)
rNeg    . . .        b - +0 leather armour
rPois   .            c - +0 hat
rElec   .            (no cloak)
rCorr   .            (no gloves)
SInv    .            (no boots)
Will    .....        k - amulet of faith
Stlth   +            (no ring)
HPRegen 0.25/turn    (no ring)
MPRegen 0.08/turn

%: faith
@: no status effects
A: horns 2, retaliatory headbutt
a: no special abilities


You were on level 2 of the Dungeon.
You visited 1 branch of the dungeon, and saw 2 of its levels.

You collected 50 gold pieces.

Inventory:

Hand Weapons
 a - a +0 war axe (weapon)
Missiles
 d - 3 throwing nets (quivered)
 e - a javelin
Armour
 b - a +0 leather armour (worn)
 c - a +0 hat (worn)
Jewellery
 k - an amulet of faith (around neck)
Scrolls
 f - a scroll of noise {unknown}
 l - a scroll of identify {unknown}
Potions
 g - a potion of degeneration {unknown}
 h - a potion of lignification {unknown}
 i - a potion of might {unknown}
 j - 2 potions of curing {unknown}


   Skills:
 + Level 2.9 Fighting
 + Level 4.2 Axes
 - Level 2.0 Throwing
 + Level 0.6 Armour
 + Level 3.8 Dodging


You had 2 spell levels left.
You didn't know any spells.
Your spell library was empty.

Dungeon Overview and Level Annotations

Branches:
Dungeon (2/15)

Altars:

Annotations:
D:2 Sigmund


Innate Abilities, Weirdness & Mutations

You have a pair of horns on your head.
You reflexively headbutt those who attack you in melee.


Message History

You now have 50 gold pieces (gained 10).
Done exploring.
Done exploring.
Done exploring.
There is a stone staircase leading down here.
You climb downwards.
The endoplasm quivers.
Found a leather armour.
There is a stone staircase leading up here.
An endoplasm is nearby!
You slash the endoplasm!
You kill the endoplasm!
You open the door.
There is an open door here.
You open the door.
There is an open door here.
Found 7 stones.
Sigmund and a bat come into view.
Found a scroll labelled AFANOJ REWNU.
Sigmund shouts!
You hear an angry hiss.
A hobgoblin comes into view.
An endoplasm comes into view.
The bat closely misses you.
You slash the bat!
You kill the bat!
Sigmund casts a spell.
Sigmund flickers and vanishes!
Deactivating autopickup; reactivate with Ctrl-A.
There is an open door here.
Something hits you.
There is an open door here.
Something hits you.
You barely miss something. Your headbutt misses something. You punch something.
A ball python comes into view.
You closely miss something. Something hits you.
You hit something. Something hits you!
You closely miss something. Something hits you.
You barely miss something. Your headbutt misses something. Something hits you!
* * * LOW HITPOINT WARNING * * *
You closely miss something. Something hits you!
You die...

.g.?.. J.... ....##
.....## ...#..#
########## .....(.
#........###g....#.
#........'@{S......
#........###......#
#..........#......#
######'#.[#......#
#.#..#.####+#
#.#.<#.. #.##.#..
.....#.. .#####


You could see a hobgoblin and a ball python.

Vanquished Creatures
  A ball python (D:1)
  3 endoplasms
  3 giant cockroaches (D:1)
  3 goblins (D:1)
  4 hobgoblins (D:1)
  4 jackals (D:1)
  3 kobolds (D:1)
  2 quokkas (D:1)
  2 bats
  A frilled lizard (D:1)
  2 rats (D:1)
28 creatures vanquished.

Notes
Turn   | Place    | Note
-------+----------+-------------------------------------------
     0 | D:1      | Locuples the Minotaur Gladiator began the quest for the
                  | Orb.
     0 | D:1      | Reached XP level 1. HP: 18/18 MP: 0/0
   125 | D:1      | Reached XP level 2. HP: 24/25 MP: 1/1
   156 | D:1      | Reached skill level 4 in Axes
   556 | D:1      | Reached XP level 3. HP: 30/30 MP: 2/2
   972 | D:2      | Noticed Sigmund
   984 | D:2      | Mangled by Sigmund

Illustrated notes

Levels and vault maps discovered:
D:1:      dpeg_arrival_simpleton_a, layout_basic
D:2:      layout_basic, minmay_misc_feat_tower, hangedman_decor_push,
          uniq_sigmund

Skill      XL: |  1  2 |
---------------+-------+-----
Axes           | 4 |  4.2
Fighting       | |  2.9
Throwing       | |  2.0
Armour         | |  0.6
Dodging        | |  3.8

Action                     || total
---------------------------++-------
  Melee: War axe           ||    56
         Headbutt          ||     2
         Punch             ||     1
 Armour: Leather armour    ||    16
  Dodge: Dodged            ||    35

Table legend: (Time is in decaauts)
 A = Elapsed time spent in this place.
 B = Non-inter-level travel time spent in this place.
 C = Inter-level travel time spent in this place.
 D = Time resting spent in this place.
 E = Time spent auto-exploring this place.
 F = Levels seen in this place.
 G = Mean time per level.
                   A        B        C        D        E       F      G
               +--------+--------+--------+--------+--------+-----+--------+
         Total |   1000 |   1000 |      0 |      0 |    765 |   2 |  500.0 |
       Dungeon |   1000 |   1000 |      0 |      0 |    765 |   2 |  500.0 |
               +--------+--------+--------+--------+--------+-----+--------+

Top non-repeatable levels by time:
     D:1: 974 daAuts
     D:2: 25 daAuts
